 Dungeon Crawl Stone Soup version 0.18.1-48-g4cf74bf (webtiles) character file.

22887 Lennu the Nimble (level 12, 100/100 HPs)
             Began as a White Draconian Air Elementalist on June 29, 2016.
             Was a Priest of Qazlal.
             Quit the game on level 4 of the Lair of Beasts on June 30, 2016.
             The game lasted 02:05:07 (18842 turns).

Lennu the Nimble (DrAE)                            Turns: 18842, Time: 02:05:08

Health: 100/100    AC: 16    Str: 11    XL:     12   Next: 67%
Magic:  18/18      EV: 24    Int: 19    God:    Qazlal [***...]
Gold:   582        SH: 11    Dex: 13    Spells: 3 memorised, 11 levels left

rFire  . . .     SeeInvis .     c - +2 flail (protect)
rCold  + . .     Gourm    .     (armour unavailable)
rNeg   . . .     Faith    .     p - +1 buckler
rPois  .         Spirit   .     (helmet restricted)
rElec  .         Dismiss  .     A - +0 cloak
rCorr  .         Reflect  .     (no gloves)
SustAt .         Harm     .     C - +1 pair of boots {Fly}
MR     +....                    v - amulet of magic regeneration
Stlth  +.........               i - +2 ring of evasion
                                g - +4 ring of evasion

@: flying, somewhat resistant to hostile enchantments, very unstealthy
A: breathe frost, unfitting armour, big wings, horns 1, cold resistance 1, magic
resistance 1, mutation resistance 1, cold-blooded, MP-powered wands, AC +8
a: Breathe Frost, Stop Flying, Upheaval, Elemental Force, Renounce Religion


You were on level 4 of the Lair of Beasts.
You worshipped Qazlal.
Qazlal was most pleased with you.
You were full.

You visited 2 branches of the dungeon, and saw 14 of its levels.
You also visited: Ossuary.

You collected 1136 gold pieces.
You spent 554 gold pieces at shops.

Inventory:

Hand Weapons
 c - a +2 flail of protection (weapon)
Missiles
 u - 9 tomahawks (quivered)
Armour
 p - a +1 buckler (worn)
 A - a +0 cloak (worn)
 B - a +0 pair of boots
 C - a +1 pair of boots of flying (worn)
Jewellery
 g - a +4 ring of evasion (left hand)
 i - a +2 ring of evasion (right hand)
 t - an uncursed ring of protection from cold
 v - an amulet of magic regeneration (around neck)
 L - an uncursed ring of fire
Wands
 e - a wand of digging (10/24)
 I - a wand of slowing (11/48)
 K - a wand of random effects (18/48)
 N - a wand of flame (30/48)
 S - a wand of iceblast (8/15)
 W - a wand of iceblast (9/15)
 X - a wand of digging (18/24)
Scrolls
 d - 2 scrolls of identify
 n - 4 scrolls of remove curse
 o - 7 scrolls of teleportation
 q - 2 scrolls of recharging
 s - 2 scrolls of fear
 x - a scroll of magic mapping
Potions
 f - 4 potions of berserk rage
 k - a potion of brilliance
 l - a potion of curing
 m - a potion of agility {unknown}
 E - 2 potions of haste {unknown}
 H - a potion of might
 Z - a potion of cancellation
Books
 a - a book of Air

   Spells                             Type                      Level
   a - Shock                          Conjuration/Air              1
   b - Swiftness                      Charms/Air                   2
   c - Repel Missiles                 Charms/Air                   2
   d - Static Discharge               Conjuration/Air              3
   e - Lightning Bolt                 Conjuration/Air              5
 j - Vuxkaazi's First Steps in Thaumaturgy
   (You acquired it on level 8 of the Dungeon)

   Spells                             Type                      Level
   a - Flame Tongue                   Conjuration/Fire             1
   b - Magic Dart                     Conjuration                  1
   c - Corona                         Hexes                        1
   d - Animate Skeleton               Necromancy                   1
   e - Beastly Appendage              Transmutation                1
 y - a book of Necromancy

   Spells                             Type                      Level
   a - Pain                           Necromancy                   1
   b - Animate Skeleton               Necromancy                   1
   c - Vampiric Draining              Necromancy                   3
   d - Regeneration                   Charms/Necromancy            3
   e - Animate Dead                   Necromancy                   4
   f - Control Undead                 Necromancy                   4
 D - a book of the Tempests

   Spells                             Type                      Level
   a - Static Discharge               Conjuration/Air              3
   b - Lightning Bolt                 Conjuration/Air              5
   c - Fireball                       Conjuration/Fire             5
   d - Tornado                        Air                          9
   e - Shatter                        Earth                        9
 Q - a book of Geomancy

   Spells                             Type                      Level
   a - Sandblast                      Earth                        1
   b - Passwall                       Transmutation/Earth          2
   c - Stone Arrow                    Conjuration/Earth            3
   d - Petrify                        Transmutation/Earth          4
   e - Lee's Rapid Deconstruction     Earth                        5
 R - a book of the Earth

   Spells                             Type                      Level
   a - Leda's Liquefaction            Hexes/Earth                  4
   b - Bolt of Magma                  Conjuration/Fire/Earth       5
   c - Statue Form                    Transmutation/Earth          6
   d - Iron Shot                      Conjuration/Earth            6
   e - Shatter                        Earth                        9
Miscellaneous
 b - a disc of storms
 w - an ornate deck of defence {drawn: 1}
 U - a fan of gales
Comestibles
 h - 16 fruits
 r - 4 meat rations
 M - 4 bread rations
 Y - a slice of pizza


   Skills:
 * Level 7.3 Fighting
 * Level 7.1 Maces & Flails
 * Level 10.5 Dodging
 - Level 1.7 Stealth
 - Level 6.0 Shields
 + Level 4.3 Spellcasting
 * Level 7.6 Conjurations
 * Level 5.1 Charms
 * Level 8.6 Air Magic
 * Level 6.0 Invocations
 - Level 1.1 Evocations


You had 11 spell levels left.
You knew the following spells:

 Your Spells              Type           Power        Failure   Level  Hunger
a - Shock                 Conj/Air       ####         1%          1    None
b - Swiftness             Chrm/Air       ####....     1%          2    #......
c - Lightning Bolt        Conj/Air       #####.....   14%         5    ######.


Dungeon Overview and Level Annotations

Branches:
Dungeon (10/15)            Temple (0/1) D:5            Lair (4/8) D:10
 Shoals (0/4) Lair:4        Snake (0/4) Lair:4
    Orc: D:9-12

Altars:
Cheibriados
Dithmenos
Fedhas
Gozag
Makhleb
Qazlal
Xom
Yredelemnul
The Shining One

Shops:
D:4 =   D:6 (   D:9 *


Innate Abilities, Weirdness & Mutations

You can breathe waves of freezing cold.
You can buffet flying creatures when you breathe cold.
Your icy white scales are hard (AC +8).
Your body does not fit into most forms of armour.
Your flesh is cold resistant.
You are cold-blooded and may be slowed by cold attacks.
Your large and strong wings let you fly indefinitely.
You have a pair of small horns on your head.
You are resistant to hostile enchantments.
You are somewhat resistant to further mutation.
You expend magic power (3 MP) to strengthen your wands.


Message History

You start resting.
All of the chunks of flesh in your inventory have rotted away.
HP restored.
Eat which item? (? for menu, Esc to quit)
Okay, then.
You see here a death yak skeleton.
d - 2 scrolls of identify (gained 1)
r - 4 meat rations (gained 1)
The plant is engulfed in roaring flames.
The plant is engulfed in roaring flames.
The fire vortex is too close now for your liking.
A fire vortex is nearby!
Done exploring.
Unknown command.
Unknown command.
Saving game... please wait.
Welcome back, Lennu the White Draconian Air Elementalist.
Qazlal says: Let the forces of nature tear it all down!
Press ? for a list of commands and other information.
Are you sure you want to abandon this character and quit the game? (Confirm with "yes".)

...................<...#.#
..............#........#.##
#............#............##
##.......<...###...........###
##...........##.##.........#.##
#...........######..>.........###
##..........###.###.............#
..............#.#...#§§..........
#..#............@§..#..§...(.....
P..................##...##.......
#.................##.....##......
##................##.###.##.§#...
≈##...............##.#≈..##.##...
≈≈#...............###§≈.###......
≈≈##..............##.§≈§# #......
>≈≈#..............##.≈§.# #......
≈≈≈##.............#..≈..# #......


There were no monsters in sight!

Vanquished Creatures
  Snorg (Lair:3)
  A fire dragon (Lair:4)
  A hydra (Lair:1)
  4 death yaks (Lair:4)
  A lindwurm (Lair:4)
  Pikel (D:7)
  The ghost of Lennu the Ducker, a novice DrAE (D:7)
  A siren (Lair:4)
  2 black mambas (Lair:3)
  4 spiny frogs
  A rime drake (Lair:3)
  A komodo dragon (Lair:3)
  A polar bear (Lair:3)
  2 trolls
  The ghost of Wutend the Distorting Ant, an amateur FoAK of Lugonu (Ossuary)
  2 two-headed ogres
  17 blink frogs
  A centaur simulacrum (D:10)
  A spriggan (Lair:3)
  The ghost of oldnick the Ruffian, an amateur TrMo (D:8)
  A wyvern (D:8)
  3 fire bats (Lair:4)
  5 yaks (Lair:3)
  A basilisk (Lair:3)
  A hippogriff (D:10)
  Menkaure (D:7)
  8 water moccasins
  4 porcupines
  3 ice beasts (D:10)
  3 orc warriors
  A black bear (Lair:3)
  3 phantoms
  A necrophage (D:5)
  3 wolves (Lair:3)
  7 crocodiles
  11 giant frogs
  A wyvern zombie (D:7)
  5 scorpions
  2 electric eels
  8 wights
  8 howler monkeys
  A crimson imp (D:6)
  A giant frog zombie (D:9)
  2 jellies (D:8)
  3 centaur skeletons
  Crazy Yiuf (D:7)
  5 orc priests
  3 hounds
  An iron imp (D:9)
  2 centaur zombies
  6 iguanas
  2 giant frog skeletons
  6 worker ants
  5 orc wizards
  A big kobold zombie (Ossuary)
  A hound zombie (D:8)
  2 hound skeletons (D:4)
  8 mummies (Ossuary)
  A worker ant zombie (D:7)
  23 gnolls
  5 adders
  5 river rats (Lair:1)
  2 shadow imps
  2 white imps (D:10)
  2 ufetubi (D:10)
  An ooze (D:1)
  An adder zombie (D:6)
  2 adder skeletons
  3 dart slugs
  6 giant geckos
  30 orcs
  2 ball pythons
  A bat (D:2)
  10 giant cockroaches
  A gnoll zombie (Ossuary)
  11 goblins
  4 hobgoblins (D:3)
  5 jackals
  4 quokkas
  4 giant newts
  3 hobgoblin zombies (Ossuary)
  6 kobolds
  3 orc zombies (Ossuary)
  A quokka zombie (D:6)
  2 rats
  2 butterflies
  6 fungi
  A plant (Lair:2)
324 creatures vanquished.

Vanquished Creatures (collateral kills)
  A hydra (Lair:2)
  A komodo dragon (Lair:1)
  A jackal (D:6)
3 creatures vanquished.

Vanquished Creatures (others)
  A giant gecko (D:5)
  A fire vortex (Lair:4)
  7 fungi
9 creatures vanquished.

Grand Total: 336 creatures vanquished

Notes
Turn   | Place    | Note
--------------------------------------------------------------
     0 | D:1      | Lennu the Draconian Air Elementalist began the quest for the Orb.
     0 | D:1      | Reached XP level 1. HP: 14/14 MP: 3/3
   419 | D:1      | Reached XP level 2. HP: 18/20 MP: 5/5
   567 | D:1      | Reached skill level 2 in Dodging
  1311 | D:2      | Reached XP level 3. HP: 15/27 MP: 6/6
  1537 | D:2      | Found a faded altar to an unknown god.
  1586 | D:2      | Found a shadowy altar of Dithmenos.
  2557 | D:3      | Reached XP level 4. HP: 27/34 MP: 1/7
  2650 | D:3      | Reached skill level 1 in Maces & Flails
  2794 | D:3      | Found a stormy altar of Qazlal.
  2800 | D:3      | Became a worshipper of Qazlal Stormbringer
  3120 | D:3      | Reached skill level 3 in Dodging
  3308 | D:3      | Reached XP level 5. HP: 39/39 MP: 4/8
  3530 | D:4      | Noticed a phantom
  3594 | D:4      | Killed a phantom
  3594 | D:4      | Reached skill level 1 in Fighting
  3594 | D:4      | Reached skill level 1 in Shields
  3594 | D:4      | Reached XP level 6. HP: 24/47 MP: 0/10
  3899 | D:4      | Noticed an orc warrior
  3928 | D:4      | Killed an orc warrior
  3928 | D:4      | Reached * piety under Qazlal
  4100 | D:4      | Found Sadey's Jewellery Boutique.
  4175 | D:4      | Reached skill level 4 in Dodging
  4516 | D:4      | Your scales start taking on an icy white colour.
  4516 | D:4      | Reached XP level 7. HP: 53/53 MP: 7/11
  4516 | D:4      | Gained mutation: Your flesh is cold resistant. [White Draconian growth]
  4699 | D:5      | Entered Level 5 of the Dungeon
  5952 | D:5      | Reached ** piety under Qazlal
  5956 | D:5      | Learned a level 2 spell: Swiftness
  6082 | D:5      | Found a staircase to the Ecumenical Temple.
  6166 | D:6      | Reached skill level 5 in Dodging
  6482 | D:6      | Found a sand-covered staircase.
  6486 | Ossuary  | Entered an ossuary
  6525 | Ossuary  | Reached XP level 8. HP: 43/62 MP: 1/12
  6567 | Ossuary  | Noticed Wutend's ghost (amateur FoAK)
  6585 | Ossuary  | Killed Wutend's ghost
  6585 | Ossuary  | Reached skill level 5 in Air Magic
  6585 | Ossuary  | Reached skill level 1 in Invocations
  6915 | D:6      | Gained mutation: Your large and strong wings let you fly indefinitely. [potion of mutation]
  6915 | D:6      | Gained mutation: You are somewhat resistant to further mutation. [potion of mutation]
  6915 | D:6      | Gained mutation: You expend magic power (3 MP) to strengthen your wands. [potion of mutation]
  7071 | D:6      | Found Pasomperph's Weapon Shop.
  7098 | D:6      | Bought a +1 flail of protection for 134 gold pieces
  7264 | D:6      | Reached skill level 1 in Charms
  7440 | D:6      | Found a basalt altar of Yredelemnul.
  7463 | D:6      | Gained mutation: You are resistant to hostile enchantments. [potion of mutation]
  8256 | D:4      | Bought an uncursed amulet of magic regeneration for 420 gold pieces
  8363 | D:7      | Noticed Menkaure
  8366 | D:7      | Killed Menkaure
  8366 | D:7      | Reached skill level 6 in Dodging
  8419 | D:7      | Gained mutation: You have a pair of small horns on your head. [potion of mutation]
  8491 | D:7      | Reached XP level 9. HP: 55/71 MP: 10/13
  8659 | D:7      | Found a shadowy altar of Dithmenos.
  8853 | D:7      | Found a glowing golden altar of the Shining One.
  8860 | D:7      | Noticed Lennu's ghost (novice DrAE)
  8862 | D:7      | Reached *** piety under Qazlal
  8899 | D:7      | Killed Lennu's ghost
  9620 | D:7      | Noticed Pikel
  9645 | D:7      | Killed Pikel
  9645 | D:7      | Reached skill level 7 in Dodging
  9901 | D:7      | Noticed Crazy Yiuf
  9902 | D:7      | Killed Crazy Yiuf
 10167 | D:8      | Found an opulent altar of Gozag.
 10239 | D:8      | Found a shimmering altar of Xom.
 10352 | D:8      | Found a blossoming altar of Fedhas.
 10440 | D:8      | Reached XP level 10. HP: 77/80 MP: 14/14
 10447 | D:8      | Noticed oldnick's ghost (amateur TrMo)
 10459 | D:8      | Killed oldnick's ghost
 10898 | D:8      | Identified a scroll of acquirement
 10899 | D:8      | Identified Vuxkaazi's First Steps in Thaumaturgy (You acquired it on level 8 of the Dungeon)
 11349 | D:9      | Reached skill level 5 in Conjurations
 11519 | D:9      | Reached skill level 5 in Fighting
 11556 | D:9      | Reached skill level 5 in Maces & Flails
 11743 | D:9      | Found a snail-covered altar of Cheibriados.
 12042 | D:9      | Found a stormy altar of Qazlal.
 12049 | D:9      | Reached skill level 5 in Shields
 12070 | D:9      | Found Vuwnid's General Store.
 12090 | D:9      | Found a burning altar of Makhleb.
 12423 | D:10     | Entered Level 10 of the Dungeon
 12430 | D:10     | Reached skill level 8 in Dodging
 12842 | D:10     | Found a staircase to the Lair.
 12855 | Lair:1   | Entered Level 1 of the Lair of Beasts
 12926 | Lair:1   | Reached **** piety under Qazlal
 13204 | Lair:1   | Noticed a four-headed hydra
 13266 | Lair:1   | Killed a four-headed hydra
 13266 | Lair:1   | Reached XP level 11. HP: 85/89 MP: 15/15
 14089 | Lair:2   | Noticed an eight-headed hydra
 14107 | Lair:2   | Killed an eight-headed hydra
 14107 | Lair:2   | Reached skill level 1 in Evocations
 14549 | Lair:2   | Learned a level 5 spell: Lightning Bolt
 14780 | Lair:2   | Reached skill level 9 in Dodging
 15931 | Lair:3   | Noticed Snorg
 15980 | Lair:3   | Reached skill level 5 in Invocations
 15981 | Lair:3   | Killed Snorg
 16748 | Lair:3   | Reached XP level 12. HP: 86/97 MP: 5/17
 17382 | Lair:4   | Reached skill level 10 in Dodging
 17443 | Lair:4   | Found a staircase to the Shoals.
 17447 | Lair:4   | Noticed a death yak
 17449 | Lair:4   | Noticed a death yak
 17460 | Lair:4   | Noticed a death yak
 17462 | Lair:4   | Noticed a death yak
 17567 | Lair:4   | Noticed a fire dragon
 17599 | Lair:4   | Killed a fire dragon
 18098 | Lair:4   | Found a staircase to the Snake Pit.
 18394 | Lair:4   | Killed a death yak
 18394 | Lair:4   | Reached skill level 5 in Charms
 18403 | Lair:4   | Killed a death yak
 18409 | Lair:4   | Killed a death yak
 18413 | Lair:4   | Killed a death yak
 18842 | Lair:4   | Quit the game

Skill      XL: |  1  2  3  4  5  6  7  8  9 10 11 12 |
---------------+-------------------------------------+-----
Dodging        | 2 3 4 5 6 7 8 9 10 | 10.5
Maces & Flails | 1 2 3 4 5 6 7 |  7.1
Air Magic      | 4 5 6 7 8 |  8.6
Fighting       | 1 2 3 4 5 6 7 |  7.3
Shields        | 1 2 3 4 5 6 |  6.0
Conjurations   | 2 3 4 5 6 7 |  7.6
Spellcasting   | 3 4 |  4.3
Invocations    | 2 3 4 5 6 |  6.0
Charms         | 1 2 3 4 5 |  5.1
Evocations     | 1 |  1.1
Stealth        | |  1.7

Action                   |  1- 3 |  4- 6 |  7- 9 | 10-12 || total
-------------------------+-------+-------+-------+-------++-------
Melee: Club              |    98 |     8 |       |       ||   106
       Tailslap          |    10 |     9 |    32 |    25 ||    76
       Mace              |       |   118 |    35 |       ||   153
       Flail             |       |       |   277 |   305 ||   582
       Headbutt          |       |       |    16 |    42 ||    58
Throw: Tomahawk          |     1 |    11 |     1 |       ||    13
 Cast: Shock             |    32 |    47 |   157 |   304 ||   540
       Lightning Bolt    |       |       |       |    25 ||    25
Invok: Upheaval          |       |       |     4 |     5 ||     9
       Elemental Force   |       |       |       |     1 ||     1
 Abil: Breathe Frost     |       |       |    21 |    16 ||    37
       Fly               |       |       |     1 |       ||     1
       Evoke Berserk Rag |       |       |     1 |       ||     1
Evoke: Wand              |       |       |       |     2 ||     2
       Fan of gales      |       |       |       |     1 ||     1
       Deck              |       |       |       |     1 ||     1
  Use: Scroll            |       |     3 |    12 |     9 ||    24
       Potion            |       |     3 |    19 |     4 ||    26
 Stab: Sleeping          |     1 |       |       |       ||     1
       Invisible         |       |       |     1 |       ||     1
  Eat: Bread ration      |     1 |     1 |     4 |       ||     6
       Chunk             |     1 |     4 |     4 |    10 ||    19
       Fruit             |       |       |     2 |    18 ||    20
       Meat ration       |       |       |       |     3 ||     3
       Beef jerky        |       |       |       |     2 ||     2
Armor: Skin              |    27 |    15 |    45 |    87 ||   174
Dodge: Dodged            |    98 |   126 |   234 |   410 ||   868
       Deflected         |       |       |       |     2 ||     2
Block: Buckler           |     7 |    23 |   135 |   318 ||   483
